 Dungeon Crawl Stone Soup version 0.29.0-4-gdea44cf6ec (webtiles) character file.

Game seed: 6017526238671991490

298 qw the Chopper (level 6, -8/47 HPs)
             Began as a Formicid Cinder Acolyte on Sept 3, 2022.
             Was an Elder of Ignis.
             Mangled by a gnoll
             ... wielding a +0 flail
             ... led by a gnoll bouda
              (9 damage)
             ... on level 4 of the Dungeon.
             The game lasted 00:01:49 (4014 turns).

qw the Chopper (Formicid Cinder Acolyte)            Turns: 4014, Time: 00:01:49

Health: -8/47      AC: 16    Str: 21    XL:     6   Next: 63%
Magic:  7/7        EV: 10    Int: 16    God:    Ignis [****..]
Gold:   86         SH:  8    Dex:  5    Spells: 7/7 levels left

rFire   + . .      SeeInvis +   Y - -1 hand axe (flame)
rCold   . . .      Faith    .   b - +1 kite shield "Gan Fe Nyj" {Will+ Int+3 Dex-4}
rNeg    . . .      Spirit   .   a - +0 chain mail
rPois   .          Reflect  .   (helmet unavailable)
rElec   .          Harm     .   (no cloak)
rCorr   .          Rampage  .   r - +0 pair of gloves
Will    +....                   (no boots)
Stlth   ..........              (no amulet)
HPRegen 0.15/turn               h - +4 ring of evasion
MPRegen 0.10/turn               (no ring)

@: fiery-armoured
A: permanent stasis, dig shafts and tunnels, antennae 3, four strong arms
a: Dig, Shaft Self, Renounce Religion, Fiery Armour, Foxfire Swarm, Rising Flame


You were on level 4 of the Dungeon.
You worshipped Ignis.
Ignis was greatly pleased with you.
You visited 1 branch of the dungeon, and saw 4 of its levels.

You collected 185 gold pieces.
You spent 99 gold pieces at shops.


Innate Abilities, Weirdness & Mutations

You cannot be hasted, slowed, berserked, paralysed or teleported.
You can dig through walls and to a lower floor.
You have a pair of large antennae on your head. (SInv)
Your four strong arms can wield two-handed weapons with a shield.


   Skills:
 - Level 3.2 Fighting
 + Level 5.0 Axes
 - Level 1.0 Throwing
 - Level 2.1 Armour
 - Level 0.1 Dodging
 - Level 5.0 Shields
 - Level 1.1 Spellcasting
 - Level 3.0 Fire Magic


You had 7 spell levels left.
You didn't know any spells.
Your spell library contained the following spells:

 Spells                   Type           Power      Damage    Failure   Level
 Scorch                   Fire           20%        2d6       92%         2

Inventory:

Hand Weapons
 Y - a -1 hand axe of flaming (weapon)
Missiles
 o - a javelin (quivered)
Armour
 a - a +0 chain mail (worn)
 b - the +1 kite shield "Gan Fe Nyj" (worn) {Will+ Int+3 Dex-4}
   (You acquired it on level 1 of the Dungeon)

   Int:       It affects your intelligence (+3).
   Dex:       It affects your dexterity (-4).
   Will:      It increases your willpower.
 r - a +0 pair of gloves (worn)
Jewellery
 h - a +4 ring of evasion (left hand)
Scrolls
 p - a scroll of identify
Potions
 e - a potion of heal wounds {unknown}
 f - a potion of resistance
 g - a potion of lignification {unknown}
 l - 2 potions of curing
 t - a potion of ambrosia {unknown}

Dungeon Overview and Level Annotations

Branches:
Dungeon (4/15)
 Temple: D:4-7

Altars:
Fedhas
The Shining One

Shops:
D:2 [==(:   D:3 !


Message History

The gnoll is burned by your cloak of flames.
You kill the gnoll!
The gnoll hits you but does no damage.
The gnoll is burned by your cloak of flames.
The gnoll is almost dead.
The gnoll hits you but does no damage.
You feel your dexterity returning.
Your Armour skill increases to level 2!
You barely miss the gnoll.
The gnoll is almost dead.
You hit the gnoll but do no damage. You hit the gnoll bouda.
You burn the gnoll bouda. The gnoll closely misses you.
The gnoll bouda calls upon its god to heal the gnoll.
The gnoll is healed somewhat.
The gnoll barely misses you. The gnoll hits you but does no damage.
You barely miss the gnoll bouda.
The gnoll bouda is heavily wounded.
You hit the gnoll. You closely miss the gnoll.
The gnoll closely misses you. x2; The gnoll hits you with a +0 flail.
The gnoll is burned by your cloak of flames.
The gnoll is severely wounded.
The gnoll bouda barely misses you.
You barely miss the gnoll.
The gnoll is severely wounded.
You closely miss the gnoll.
You hit the gnoll bouda but do no damage.
The gnoll hits you but does no damage.
The gnoll resists.
The gnoll is burned by your cloak of flames.
The gnoll is moderately wounded.
The gnoll hits you but does no damage. You block the gnoll's attack.
The gnoll bouda hits you with a +0 whip!
You closely miss the gnoll.
The gnoll is severely wounded.
You barely miss the gnoll. You closely miss the gnoll bouda.
Your attacks no longer feel as feeble.
You block the gnoll's attack.
The gnoll hits you from afar with a +0 halberd.
The gnoll hits you with a +0 flail!
You die...

.. #+## #.# #...## #.# #
### #.....# #.### #.##.##
##.g..... #.#.##
#.#...####g.......{###....#
#........'@g...... +.......
#.#...####.g...... ###....#
#....## ##....... #.#.##
####.# #.....# #.### #.#
#...## #.#.# #.# #+## #).#
#.# #.#######.### #####.##
#####.......!...# #.)....#
#.....#######.#.#.


You could see a gnoll bouda and 3 gnolls.

Vanquished Creatures
  A black bear (D:4)
  A scorpion (D:3)
  An orc priest (D:4)
  2 adders (D:2)
  2 gnolls (D:4)
  A worm (D:2)
  A dart slug (D:2)
  3 orcs
  6 ball pythons
  7 endoplasms
  6 giant cockroaches
  6 goblins
  8 hobgoblins
  4 jackals (D:3)
  4 quokkas
  6 bats
  4 frilled lizards
  5 kobolds
  10 rats
78 creatures vanquished.

Notes
Turn   | Place    | Note
-------+----------+-------------------------------------------
     0 | D:1      | qw the Formicid Cinder Acolyte began the quest for the Orb.
     0 | D:1      | Reached XP level 1. HP: 18/18 MP: 2/2
     0 | D:1      | 0 ||| qw: Version: 0.1-a-102-g441f92d
     0 | D:1      | 0 ||| qw: Game counter: 5204
     0 | D:1      | 0 ||| qw: Always use a shield: true
     0 | D:1      | 0 ||| qw: God list: Okawaru
     0 | D:1      | 0 ||| qw: Allow faded altars: false
     0 | D:1      | 0 ||| qw: Do Orc after D:15 true
     0 | D:1      | 0 ||| qw: Do second Lair branch before Depths: true
     0 | D:1      | 0 ||| qw: Lair rune preference: random
     0 | D:1      | 0 ||| qw: Plans: Normal
     0 | D:1      | 0 ||| PLANNING D:1-11
   356 | D:1      | Found a faded altar of an unknown god.
   401 | D:1      | 401 ||| Stepping ~*~*~tactically~*~*~ (stealth).
   408 | D:1      | 408 ||| INVOKING Fiery Armour.
   410 | D:1      | Reached XP level 2. HP: 10/24 MP: 3/3
   738 | D:1      | Reached skill level 1 in Throwing
   862 | D:1      | Reached XP level 3. HP: 29/29 MP: 4/4
  1175 | D:1      | 1175 ||| UPGRADING to +0 ring mail.
  1185 | D:1      | 1185 ||| DROPPING +0 robe.
  1186 | D:1      | 1186 ||| UPGRADING to +4 ring of evasion.
  1187 | D:1      | 1187 ||| READING 2 scrolls labelled NAORRO EXUSH.
  1188 | D:1      | 1188 ||| READING scroll labelled ROFAWKOLIN.
  1188 | D:1      | Identified a scroll of acquirement
  1188 | D:1      | 1188 ||| ACQUIRING +1 kite shield "Gan Fe Nyj" {Will+ Int+3
                  | Dex-4}
  1188 | D:1      | Acquired the +1 kite shield "Gan Fe Nyj" {Will+ Int+3
                  | Dex-4}
  1190 | D:1      | 1190 ||| UPGRADING to +1 kite shield "Gan Fe Nyj" {Will+
                  | Int+3 Dex-4}.
  1195 | D:1      | 1195 ||| DROPPING scroll of vulnerability.
  1269 | D:2      | Found Leqeddawo's Armour Shoppe.
  1294 | D:2      | Reached skill level 1 in Shields
  1299 | D:2      | 1299 ||| BUYING +0 chain mail (63 gold).
  1299 | D:2      | Bought a +0 chain mail for 63 gold pieces
  1299 | D:2      | 1299 ||| SHOPLISTING +4 plate armour of cold resistance
                  | (700 gold, have 9).
  1357 | D:2      | 1357 ||| Stepping ~*~*~tactically~*~*~ (stealth).
  1363 | D:2      | 1363 ||| Stepping ~*~*~tactically~*~*~ (stealth).
  1390 | D:2      | 1390 ||| INVOKING Fiery Armour.
  1391 | D:2      | Reached XP level 4. HP: 16/35 MP: 5/5
  1790 | D:2      | 1790 ||| Stepping ~*~*~tactically~*~*~ (hiding).
  1815 | D:2      | Found Vopum's Jewellery Shoppe.
  1827 | D:2      | 1827 ||| SHOPLISTING +6 ring of dexterity (432 gold, have
                  | 33).
  1827 | D:2      | 1827 ||| SHOPLISTING amulet of guardian spirit (360 gold,
                  | have 33).
  1827 | D:2      | 1827 ||| SHOPLISTING amulet of the acrobat (360 gold, have
                  | 33).
  1827 | D:2      | 1827 ||| SHOPLISTING ring of Xutruerph {Will++ Dex+6} (684
                  | gold, have 33).
  1827 | D:2      | 1827 ||| SHOPLISTING ring of fire (300 gold, have 33).
  1827 | D:2      | 1827 ||| SHOPLISTING ring of ice (300 gold, have 33).
  1827 | D:2      | 1827 ||| SHOPLISTING ring of poison resistance (240 gold,
                  | have 33).
  1827 | D:2      | 1827 ||| SHOPLISTING ring of protection from fire (300
                  | gold, have 33).
  1883 | D:2      | Found Uxkoadod's Book Shoppe.
  1893 | D:2      | Found Hiylumoipu's Weapon Boutique.
  1905 | D:2      | 1905 ||| INVOKING Fiery Armour.
  1911 | D:2      | Reached skill level 3 in Shields
  2160 | D:2      | Found Ofib Ikabo's Jewellery Shop.
  2163 | D:2      | 2163 ||| SHOPLISTING +4 ring of evasion (396 gold, have
                  | 40).
  2163 | D:2      | 2163 ||| SHOPLISTING +6 ring of dexterity (396 gold, have
                  | 40).
  2163 | D:2      | 2163 ||| SHOPLISTING amulet of the acrobat (330 gold, have
                  | 40).
  2163 | D:2      | 2163 ||| SHOPLISTING necklace of Bloodlust {*Rage Will++
                  | Int-3 Slay+6} (498 gold, have 40).
  2163 | D:2      | 2163 ||| SHOPLISTING ring of ice (275 gold, have 40).
  2163 | D:2      | 2163 ||| SHOPLISTING ring of poison resistance (220 gold,
                  | have 40).
  2163 | D:2      | 2163 ||| SHOPLISTING ring of positive energy (220 gold,
                  | have 40).
  2261 | D:2      | 2261 ||| UPGRADING to +0 chain mail.
  2271 | D:2      | 2271 ||| DROPPING +0 ring mail.
  2272 | D:2      | 2272 ||| UPGRADING to +0 pair of gloves.
  2277 | D:2      | 2277 ||| DROPPING ring of flight.
  2278 | D:2      | 2278 ||| READING scroll labelled YMUDUIFOLU.
  2279 | D:2      | 2279 ||| READING scroll labelled XUGONENLAXOM.
  2280 | D:2      | 2280 ||| READING 2 scrolls labelled SEFUSAEWEONNE.
  2281 | D:2      | 2281 ||| READING scroll labelled MIOCHOIBEU.
  2282 | D:2      | 2282 ||| DRINKING 2 fizzy yellow potions.
  2283 | D:2      | 2283 ||| DRINKING 2 green potions.
  2284 | D:2      | 2284 ||| DRINKING 2 sedimented dark potions.
  2285 | D:2      | 2285 ||| DROPPING potion of brilliance.
  2286 | D:2      | 2286 ||| DROPPING potion of berserk rage.
  2287 | D:2      | 2287 ||| Stepping randomly (stuck).
  2288 | D:2      | 2288 ||| Stepping ~*~*~tactically~*~*~ (cloud).
  2564 | D:3      | 2564 ||| Stepping ~*~*~tactically~*~*~ (stealth).
  2565 | D:3      | 2565 ||| Stepping ~*~*~tactically~*~*~ (stealth).
  2602 | D:3      | Reached skill level 1 in Armour
  2620 | D:3      | Found a glowing golden altar of the Shining One.
  2664 | D:3      | Found a blossoming altar of Fedhas.
  2902 | D:3      | Reached XP level 5. HP: 41/41 MP: 6/6
  2936 | D:3      | Found Wuarr's Distillery.
  2942 | D:3      | 2942 ||| SHOPLISTING potion of cancellation (96 gold, have
                  | 85).
  2942 | D:3      | 2942 ||| BUYING potion of curing (36 gold).
  2942 | D:3      | Bought a potion of curing for 36 gold pieces
  2942 | D:3      | 2942 ||| SHOPLISTING potion of heal wounds (60 gold, have
                  | 49).
  3296 | D:3      | 3296 ||| READING scroll labelled MOUJ VAUHUC.
  3297 | D:3      | 3297 ||| DRINKING 2 sapphire potions.
  3298 | D:3      | 3298 ||| DRINKING 2 bubbling yellow potions.
  3299 | D:3      | 3299 ||| READING 2 scrolls of identify.
  3299 | D:3      | 3299 ||| IDENTIFYING silvery potion
  3300 | D:3      | 3300 ||| DROPPING potion of degeneration.
  3301 | D:3      | 3301 ||| DROPPING potion of flight.
  3302 | D:3      | 3302 ||| DROPPING potion of attraction.
  3363 | D:4      | Noticed a black bear
  3366 | D:4      | 3366 ||| STAIRDANCE
  3571 | D:4      | 3571 ||| INVOKING Fiery Armour.
  3573 | D:4      | Killed a black bear
  3574 | D:4      | Reached XP level 6. HP: 19/47 MP: 7/7
  3574 | D:4      | 3574 ||| STAIRDANCE
  3848 | D:4      | 3848 ||| Stepping ~*~*~tactically~*~*~ (hiding).
  4002 | D:4      | 4002 ||| INVOKING Fiery Armour.
  4013 | D:4      | HP: 6/47 [gnoll bouda/+0 whip (8)]
  4014 | D:4      | HP: 1/47 [gnoll/+0 halberd[a gnoll bouda] (5)]
  4014 | D:4      | Mangled by a gnoll

Levels and vault maps discovered:
D:1:      dpeg_arrival_ratfight, layout_basic,
          shapermc_ecumenical_altar_pompeii, wad_floor_pattern_1
D:2:      layout_basic, serial_shops, shop, shop, nicolae_shop_behind_doors,
          nicolae_square_shop, nicolae_shop_bloodbath_and_beyond,
          minmay_tromino_v4_a
D:3:      layout_loops_ring, mainiacjoe_overflow_alcove_4,
          mainiacjoe_overflow_paths, serial_shops, shop, serial_aquarium,
          aquarium_bridge_island_large [aquarium_subvault_large_4_pools,
          aquarium_subvault_wall, aquarium_subvault_bridge,
          aquarium_subvault_balcony, aquarium_subvault_bridge],
          aquarium_bridge_square [aquarium_subvault_window,
          aquarium_subvault_bridge, aquarium_subvault_balcony,
          aquarium_subvault_wall], aquarium_window_1, aquarium_window_corner,
          aquarium_window_corner, aquarium_window_fake, aquarium_view_2c,
          aquarium_view_2c, kennysheep_generic_room_11
D:4:      layout_loops_corners, nicolae_dithmenos_through_a_glass_darkly,
          lemuel_blue_sif_altar, okawaru_gym_becter

Skill      XL: |  1  2  3  4  5  6 |
---------------+-------------------+-----
Throwing       | 1 |  1.0
Axes           | 4 5 |  5.0
Shields        | 2 3 4 5 |  5.0
Armour         | 1 2 |  2.1
Fighting       | |  3.2
Dodging        | |  0.1
Spellcasting   | |  1.1
Fire Magic     | |  3.0

Action                   |  1- 3 |  4- 6 || total
-------------------------+-------+-------++-------
Melee: Hand axe          |    71 |   170 ||   241
Throw: Javelin           |    28 |    13 ||    41
Invok: Fiery Armour      |     2 |     3 ||     5
  Use: Scroll            |     2 |     6 ||     8
       Potion            |       |     5 ||     5
Armor: Robe              |     6 |       ||     6
       Ring mail         |     9 |     5 ||    14
       Chain mail        |       |    71 ||    71
Dodge: Dodged            |    42 |    87 ||   129
Block: Kite shield       |     5 |    74 ||    79

Table legend:
 A = Non-vault XP
 B = Vault XP
 C = Vault XP percentage of total XP
 D = Non-vault monster count
 E = Vault monster count
 F = Vault count percentage of total count
                 A         B        C        D         E       F
            +---------+---------+-------+---------+---------+-------
      Total |     403 |      24 |   5.6 |      69 |       9 |  11.5
            +---------+---------+-------+---------+---------+-------
        D:1 |      38 |       5 |  11.6 |      22 |       5 |  18.5
        D:2 |      45 |      16 |  26.2 |      16 |       2 |  11.1
        D:3 |     119 |       3 |   2.5 |      23 |       2 |   8.0
        D:4 |     201 |       0 |   0.0 |       8 |       0 |   0.0
            +---------+---------+-------+---------+---------+-------
